 Dungeon Crawl Stone Soup version 0.29-a0-384-g6960b1960d (webtiles) character file.

Game seed: 4220300631914169968

6 spaghetti the Covert (level 1, 11/23 HPs)
             Began as a Gnoll Delver on May 6, 2022.
             Quit the game on level 5 of the Dungeon.
             The game lasted 00:02:20 (462 turns).

spaghetti the Covert (Gnoll Delver)                  Turns: 462, Time: 00:02:21

Health: 11/23      AC:  6    Str: 10 (11) XL:     1   Next: 90%
Magic:  1/1        EV: 12    Int:  6 (9)  God:
Gold:   0          SH:  0    Dex: 12 (13) Spells: 0/0 levels left

rFire   . . .      SeeInvis .   a - +0 short sword {short}
rCold   . . .      Faith    .   (no shield)
rNeg    . . .      Spirit   .   b - +0 leather armour
rPois   .          Reflect  .   e - +2 helmet
rElec   .          Harm     .   (no cloak)
rCorr   .          Rampage  .   (no gloves)
Will    .....                   (no boots)
Stlth   +.........              (no amulet)
HPRegen 0.07/turn               (no ring)
MPRegen 0.07/turn               (no ring)

@: confused
A: fangs 1, strong nose, distributed training
a: no special abilities


You were on level 5 of the Dungeon.
You visited 1 branch of the dungeon, and saw 2 of its levels.


Innate Abilities, Weirdness & Mutations

You have very sharp teeth.
Your uncanny sense of smell can sniff out nearby items.
Your experience applies equally to all skills.


   Skills:
 + Level 6.4 Fighting
 + Level 4.4 Short Blades
 + Level 0.2 Long Blades
 + Level 0.2 Axes
 + Level 0.2 Maces & Flails
 + Level 0.2 Polearms
 + Level 0.2 Staves
 + Level 0.2 Slings
 + Level 0.2 Bows
 + Level 0.2 Crossbows
 + Level 0.2 Throwing
 + Level 0.2 Armour
 + Level 4.4 Dodging
 + Level 9.5 Stealth
 + Level 0.2 Shields
 + Level 0.2 Unarmed Combat
 + Level 0.2 Spellcasting
 + Level 0.1 Conjurations
 + Level 0.1 Hexes
 + Level 0.1 Summonings
 + Level 0.1 Necromancy
 + Level 0.1 Translocations
 + Level 0.1 Transmutations
 + Level 0.1 Fire Magic
 + Level 0.1 Ice Magic
 + Level 0.1 Air Magic
 + Level 0.1 Earth Magic
 + Level 0.1 Poison Magic
 + Level 0.3 Invocations
 + Level 0.2 Evocations


You couldn't memorise any spells.
You didn't know any spells.
Your spell library contained the following spells:

 Spells                   Type           Power      Damage    Failure   Level
 Shock                    Conj/Air       0%         1d3       54%         1
 Swiftness                Air            0%         N/A       88%         3
 Airstrike                Air            0%         N/A       99%         4

Inventory:

Hand Weapons
 a - a +0 short sword (weapon) {short}
Armour
 b - a +0 leather armour (worn)
 e - a +2 helmet (worn)
   (You found it on level 5 of the Dungeon)
Wands
 g - a wand of digging (3)
Scrolls
 d - a scroll of magic mapping {!r}

Dungeon Overview and Level Annotations

Branches:
Dungeon (6/15)
 Temple: D:4-7

Altars:

Annotations:
D:6 exclusion: 2 gnolls

#### ...# #####
##.# S...# #.#
###...##
#.########......
#...........###.
#######.....#.#
.S#
#...###o###.######
#.#.#.ooo@#..#...#
#.#.#'#.###......#
#.....#.#....#...#
#.....###........
#.###.o......##
#.# ####....## #.#
####.# #.# #.#
#.#########ยง#


You could see 5 orc wizards.


Message History

Where to? (Enter - D:7, ? - help)
Items here: ))) [[ รทรท.
There is a stone staircase leading up here.
You climb upwards.
There is a stone staircase leading down here.
You pick up a book of Air and begin reading...
You add the spells Shock, Swiftness and Airstrike to your library.
An adder is nearby!
Found a runed helmet.
An adder comes into view.
The orc wizard shouts! x2
The adder bites you.
The orc wizard shouts! ๐Ÿ˜• HP[-1]
You take 1 damage, and now have 22/23 hp.
Okay, then.
It was a potion of degeneration.
There was something very wrong with that liquid.
You feel weakened.
You feel dopey.
You feel clumsy. The adder bites you but does no damage.
You feel yourself speed up. The adder closely misses you.
As you read the scroll of fear, it crumbles to dust.
You assume a fearsome visage.
The adder looks frightened!
An orc wizard comes into view. It is wielding a +0 dagger.
The orc wizard moves out of view.
You see here a +2 helmet.
e - a +2 helmet You start putting on your armour.
You continue putting on your +2 helmet. x4
You finish putting on your +2 helmet. ๐Ÿ˜Ž HP[+1]
Your hp is fully restored (23).
The orc wizard shouts!
The orc wizard barely misses you.
You closely miss the orc wizard. You barely miss the orc wizard.
As you read the scroll of fog, it crumbles to dust.
The scroll dissolves into smoke.
Unknown command.
The orc wizard gestures at you while chanting.
You resist with significant effort.
The orc wizard points at you and mumbles some strange words.
You are confused.
There is a broken door here.
You bump into the translucent rock wall.
You're too confused to move!
The orc wizard shouts!
The orc wizard points at you and mumbles some strange words.
The puff of flame misses you.
Unknown command.
The orc wizard gestures at you while chanting.
You are more confused.
There is a broken door here.
Unknown command.
You bump into the translucent rock wall.
Unknown command.
Unknown command.
Unknown command.
The orc wizard shouts!
You hit the orc wizard.
The orc wizard points at you and mumbles some strange words.
You are more confused.
Unknown command.
Unknown command.
You miss the orc wizard.
Your extra speed is starting to run out.
Unknown command.
You miss the orc wizard.
The orc wizard hits you but does no damage.
The orc wizard hits you with a +3 dagger of freezing.
The orc wizard freezes you. ๐Ÿ˜• HP[-3]
You take 3 damage, and now have 20/23 hp.
You bump into the rock wall.
Unknown command.
You're too confused to move!
The orc wizard casts a spell at you. The puff of flame hits you. ๐Ÿ˜ฎ HP[-4]
You take 4 damage, and now have 16/23 hp.
Unknown command.
You bump into the rock wall.
The orc wizard barely misses you.
You closely miss the orc wizard. You hit the orc wizard.
The orc wizard barely misses you.
Unknown command.
You feel yourself slow down.
Unknown command.
You closely miss the orc wizard. The orc wizard casts a spell at you.
The puff of flame hits you but does no damage.
You bump into the translucent rock wall.
The orc wizard closely misses you.
You bump into the translucent rock wall.
The orc wizard hits you with a +3 dagger of freezing.
The orc wizard freezes you.
* * * LOW HITPOINT WARNING * * *
๐Ÿ˜จ HP[-5]
You take 5 damage, and now have 11/23 hp.
MASSIVE DAMAGE!! (PAUSE) Unknown command.
Are you sure you want to abandon this character and quit the game? (Confirm with "yes".)

Skill      XL: | |
---------------+-+-----
Stealth        | |  9.5
Fighting       | |  6.4
Short Blades   | |  4.4
Long Blades    | |  0.2
Axes           | |  0.2
Maces & Flails | |  0.2
Polearms       | |  0.2
Staves         | |  0.2
Slings         | |  0.2
Bows           | |  0.2
Crossbows      | |  0.2
Throwing       | |  0.2
Armour         | |  0.2
Dodging        | |  4.4
Shields        | |  0.2
Unarmed Combat | |  0.2
Spellcasting   | |  0.2
Conjurations   | |  0.1
Hexes          | |  0.1
Summonings     | |  0.1
Necromancy     | |  0.1
Translocations | |  0.1
Transmutations | |  0.1
Fire Magic     | |  0.1
Ice Magic      | |  0.1
Air Magic      | |  0.1
Earth Magic    | |  0.1
Poison Magic   | |  0.1
Invocations    | |  0.3
Evocations     | |  0.2

Action                   || total
-------------------------++-------
Melee: Short sword       ||    24
       Bite              ||     1
  Use: Scroll            ||     2
       Potion            ||     2
Armor: Leather armour    ||     3
Dodge: Dodged            ||    10

Levels and vault maps discovered:
D:5:      layout_loops_ring, mainiacjoe_overflow_alcove_1,
          minmay_a_box_with_orc_wizards_in_it
D:6:      layout_basic, tso_altar, mainiacjoe_overflow_tiny_flanked,
          uniq_duvessa, uniq_crazy_yiuf_cottage, uniq_maggie

Notes
Turn   | Place    | Note
-------+----------+-------------------------------------------
     0 | D:5      | Reached skill level 9 in Stealth
     0 | D:5      | spaghetti the Gnoll Delver began the quest for the Orb.
     0 | D:5      | Reached XP level 1. HP: 23/23 MP: 1/1
     0 | D:5      | magus.rc [v1.9.6]
    43 | D:6      | HP: 5/23 [orc/+0 mace (4)]
   306 | D:6      | Noticed a gnoll sergeant
   309 | D:6      | magus.rc [v1.9.6]
   346 | D:5      | You pick up a book of Air and begin reading...
   346 | D:5      | You add the spells Shock, Swiftness and Airstrike to your
                  | library.
   390 | D:5      | Noticed an orc wizard
   390 | D:5      | Noticed an orc wizard
   391 | D:5      | Noticed an orc wizard
   397 | D:5      | Noticed an orc wizard
   400 | D:5      | Noticed an orc wizard
   409 | D:5      | Noticed an orc wizard
   462 | D:5      | Quit the game

Vanquished Creatures
  3 orcs (D:6)
3 creatures vanquished.

Table legend:
 A = Non-vault XP
 B = Vault XP
 C = Vault XP percentage of total XP
 D = Non-vault monster count
 E = Vault monster count
 F = Vault count percentage of total count
                 A         B        C        D         E       F
            +---------+---------+-------+---------+---------+-------
      Total |       9 |       0 |   0.0 |       3 |       0 |   0.0
            +---------+---------+-------+---------+---------+-------
        D:6 |       9 |       0 |   0.0 |       3 |       0 |   0.0
            +---------+---------+-------+---------+---------+-------

Illustrated notes

Table legend:
 A = Kills in this place as a percentage of kills in entire the game.
 B = Kills by you in this place as a percentage of kills by you in the entire game.
 C = Kills by friends in this place as a percentage of kills by friends in the entire game.
 D = Other kills in this place as a percentage of other kills in the entire game.
 E = Experience gained in this place as a percentage of experience gained in the entire game.
 F = Experience gained in this place divided by the number of levels of this place that you have seen.
                   A       B       C       D       E      F
               +-------+-------+-------+-------+-------+----------------------
         Total | 100.0 | 100.0 |   N/A |   N/A | 100.0 |   4.5
       Dungeon | 100.0 | 100.0 |   N/A |   N/A | 100.0 |   4.5
               +-------+-------+-------+-------+-------+----------------------

Table legend: (Time is in decaauts)
 A = Elapsed time spent in this place.
 B = Non-inter-level travel time spent in this place.
 C = Inter-level travel time spent in this place.
 D = Time resting spent in this place.
 E = Time spent auto-exploring this place.
 F = Levels seen in this place.
 G = Mean time per level.
                   A        B        C        D        E       F      G
               +--------+--------+--------+--------+--------+-----+--------+
         Total |    442 |    415 |     27 |    243 |     78 |   2 |  221.0 |
       Dungeon |    442 |    415 |     27 |    243 |     78 |   2 |  221.0 |
               +--------+--------+--------+--------+--------+-----+--------+

Top non-repeatable levels by time:
     D:6: 316 daAuts
     D:5: 125 daAuts
